Unix NetHack Version 3.7.0-90 Work-in-progress - last build Dec 4 2023 15:25:40 (a4ad6ea61a8c493010e15c9251bbb19a34919cb7,branch:master). Game began 2023-12-05 03:40:23, ended 2023-12-05 03:58:29. elenmirie, neutral female human Priestess --------- --------- |........# #.^......| |....<..|# #|.......| -.-----+-# #|.......| # # ------------- #|........## # # |............# #---+----- ## # # |...........|# ## ############## # ## |........(..|# # ## -.--- # #----------- |...........|# # ## |...| # #..........| |...........|# # ##|...| # |.>....(.*| -------------### # #|...-# @ $ |.........| # # #....|## 0#B####*#*......._)[| # # |...| ####---.- ----------- # # ----- #....| # ------# |...| ## |....|# |..l| ###.....%# ----- -.---- Elenmirie the Adept St:11 Dx:14 Co:17 In:10 Wi:17 Ch:8 Neutral Dlvl:5 $:127 HP:0(44) Pw:78(78) AC:6 Xp:6/535 T:4488 Latest messages: You see here an uncursed crude dagger. You are in full health. You stop searching. You stop searching. You hit the gnome lord. The gnome lord misses! You hit the gnome lord. The gnome lord hits! You hit the gnome lord. The gnome lord hits! You kill the gnome lord! There is an uncursed gnome lord corpse here; sacrifice it? [ynq] (n) y Your sacrifice is consumed in a plume of smoke! A mace named Demonbane appears at your feet! The voice of Brigit thunders: "Use my gift wisely!" N - an uncursed mace named Demonbane. What do you want to adjust? [a-il-oq-vx-zA-DFGILN or ?*] N Adjust letter to what [jkpwEHJKM-Z] (? see used letters)? a Swapping: a - an uncursed mace named Demonbane. What do you want to wield? [- aN or ?*] a a - an uncursed mace named Demonbane (weapon in right hand). You have a little trouble lifting O - 16 uncursed rocks. Your movements are slowed slightly because of your load. What do you want to drop? [$a-il-oq-vx-zA-DFGILNO or ?*] O You drop 16 uncursed rocks. Your movements are now unencumbered. You see here 9 uncursed rocks. You see here 11 uncursed rocks. With great effort you move the boulder. The giant bat misses! The giant bat bites! You miss the giant bat. The giant bat bites! The giant bat bites! You hit the giant bat! The giant bat bites! The giant bat bites! You miss the giant bat. The giant bat bites! The giant bat bites! You hit the giant bat! The giant bat bites! The giant bat bites! The giant bat bites! You die... Do you want your possessions identified? [ynq] (y) y Do you want to see your attributes? [ynq] (y) y Do you want an account of creatures vanquished? [ynaq] (y) y Do you want to see your conduct and achievements? [ynq] (y) y Do you want to see the dungeon overview? [ynq] (y) y Inventory: Coins $ - 127 gold pieces Weapons a - the uncursed rustproof +0 Demonbane (weapon in right hand) N - a blessed rusty +1 mace Armor m - an uncursed +0 orcish helm (being worn) c - an uncursed +0 small shield (being worn) b - a blessed +0 robe (being worn) Comestibles B - an uncursed carrot i - an uncursed clove of garlic n - an uncursed food ration f - an uncursed sprig of wolfsbane Scrolls C - a blessed scroll of blank paper D - an uncursed scroll of blank paper o - a blessed scroll of enchant armor l - 2 uncursed scrolls of identify t - 2 uncursed scrolls of scare monster Spellbooks h - an uncursed spellbook of identify g - an uncursed spellbook of light u - an uncursed spellbook of light Potions A - an uncursed potion of extra healing s - an uncursed potion of full healing v - an uncursed potion of healing I - an uncursed potion of monster detection r - an uncursed potion of oil z - 2 uncursed potions of see invisible d - 4 potions of holy water q - an uncursed potion of water Rings G - a cursed -1 ring of increase accuracy Wands L - an uncursed wand of digging (0:4) y - an uncursed wand of polymorph (0:3) Tools x - an uncursed lock pick e - an uncursed skeleton key F - an uncursed tallow candle Elenmirie the Priestess's attributes: Background: You were an Adept, a level 6 human Priestess. You were neutral, on a mission for Brigit who was opposed by Lugh (lawful) and Manannan Mac Lir (chaotic). You were right-handed. You were in the Dungeons of Doom, on level 5. You entered the dungeon 4488 turns ago. It was nighttime. You had 535 experience points, 105 more were needed to attain level 7. Basics: You had 0 out of 44 hit points. You had all 78 energy points (spell power). Your armor class was 6. Your wallet contained 127 zorkmids. Autopickup was on for '$' plus thrown. Final Characteristics: Your strength was 11 (limit:18/100). Your dexterity was 14 (limit:18). Your constitution was 17 (limit:18). Your intelligence was 10 (limit:18). Your wisdom was 17 (limit:18). Your charisma was 8 (limit:18). Final Status: You weren't hungry. You were unencumbered. You were wielding a mace. You were skilled in mace. Final Attributes: You were piously aligned. You were cold resistant. You were guarded. You are dead. Miscellaneous: You never encountered a bones level. Total elapsed playing time was 18 minutes and 4 seconds. Major events: Turn 1: elenmirie the neutral human Priestess entered the dungeon 1135: attained the rank of Acolyte (level 3) 1298: entered the Gnomish Mines 2714: attained the rank of Adept (level 6) 4458: was bestowed with Demonbane by Brigit 4488: killed by a giant bat Vanquished creatures: a small mimic a human zombie a rock mole a pony a fog cloud a yellow light 3 gnome leaders a gray ooze 2 elf zombies a paper golem a giant ant a kitten 2 hill orcs a giant bat 2 dwarf zombies a wererat a werejackal an iguana 6 killer bees a coyote a hobbit 2 hobgoblins a cave spider a green mold a gnome zombie 2 geckos 6 jackals a kobold 5 goblins 2 sewer rats 7 grid bugs 6 lichens 10 newts 75 creatures vanquished. No species were genocided or became extinct. Voluntary challenges: You were illiterate. You never engraved Elbereth. You never genocided any monsters. You never polymorphed an object. You never changed form. You used no wishes. Achievements: You attained the rank of Acolyte. You entered the Gnomish Mines. You entered a shop. You attained the rank of Adept. The Dungeons of Doom: levels 1 to 5 Level 1: A fountain. Level 2: Stairs down to The Gnomish Mines. Level 3: A shop, an altar, a grave. Level 4: A potion shop, a fountain, a sink. Level 5: <- You were here. An altar to Brigit. Final resting place for you, killed by a giant bat. The Gnomish Mines: Level 3: Game over: ---------- / \ / REST \ / IN \ / PEACE \ / \ | elenmirie | | 127 Au | | killed by a | | giant bat | | | | | | 2023 | *| * * * | * _________)/\\_//(\/(/\)/\//\/|_)_______ Goodbye elenmirie the Priestess... You died in The Dungeons of Doom on dungeon level 5 with 2455 points, and 127 pieces of gold, after 4488 moves. You were level 6 with a maximum of 44 hit points when you died.